 Dungeon Crawl Stone Soup version 0.28.0-43-g3370ac3207 (webtiles) character file.

Game seed: 9112959702631153863

45 Arcadio the Shooter (level 3, -1/23 HPs)
             Began as a Kobold Hunter on Mar 3, 2022.
             Was a Follower of Jiyva.
             Slain by a gnoll
             ... wielding a +0 spear
              (5 damage)
             ... on level 2 of the Dungeon.
             The game lasted 00:04:23 (1598 turns).

Arcadio the Shooter (Kobold Hunter)                 Turns: 1598, Time: 00:04:24

Health: -1/23      AC:  3    Str: 11    XL:     3   Next: 90%
Magic:  3/3        EV: 14    Int: 12    God:    Jiyva [*.....]
Gold:   45         SH:  0    Dex: 15    Spells: 2/2 levels left

rFire   . . .      SeeInvis .   b - +0 short sword
rCold   . . .      Faith    .   (no shield)
rNeg    . . .      Spirit   .   c - +0 leather armour
rPois   .          Reflect  .   (no helmet)
rElec   .          Harm     .   (no cloak)
rCorr   .          Rampage  .   (no gloves)
Will    .....                   (no boots)
Stlth   +++.......              (no amulet)
HPRegen 0.87/turn               (no ring)
MPRegen 0.33/turn               (no ring)

@: no status effects
A: small, no large weapons, nightstalker 3
a: Renounce Religion


You were on level 2 of the Dungeon.
You worshipped Jiyva.
Jiyva was aware of your devotion.
You visited 1 branch of the dungeon, and saw 2 of its levels.

You collected 45 gold pieces.

Inventory:

Hand Weapons
 a - a +1 shortbow
 b - a +0 short sword (weapon)
Missiles
 d - 57 arrows
Armour
 c - a +0 leather armour (worn)
Scrolls
 e - 4 scrolls of identify {unknown}
 g - a scroll of teleportation {unknown}
 i - a scroll of fear {unknown}
Potions
 f - a potion of cancellation {unknown}
 h - a potion of curing {unknown}


   Skills:
 + Level 3.0 Fighting
 + Level 4.4 Bows
 - Level 2.4 Dodging
 + Level 3.1 Stealth


You had 2 spell levels left.
You didn't know any spells.
Your spell library contained the following spells:

 Spells                   Type           Power      Damage    Failure   Level
 Blade Hands              Tmut           0%         N/A       100%        5
 Irradiate                Conj/Tmut      0%         3d14      100%        5
 Dragon Form              Tmut           0%         N/A       100%        7


Dungeon Overview and Level Annotations

Branches:
Dungeon (2/15)

Altars:
Jiyva


Innate Abilities, Weirdness & Mutations

You are small and have problems with some larger weapons.
You are completely attuned to the shadows.


Message History

The hobgoblin closely misses you.
The gnoll hits you from afar with a +0 spear.
The gnoll shouts!
You hit the hobgoblin.
The hobgoblin is severely wounded.
The hobgoblin hits you but does no damage.
The gnoll barely misses you.
You hit the hobgoblin but do no damage.
The hobgoblin is severely wounded.
The hobgoblin hits you.
The gnoll hits you from afar with a +0 spear.
You hit the hobgoblin.
You kill the hobgoblin!
The gnoll closely misses you.
You closely miss the gnoll.
The gnoll is moderately wounded.
The gnoll barely misses you. The gnoll closely misses you. x2
You closely miss the gnoll.
The gnoll is moderately wounded.
The gnoll closely misses you. The gnoll completely misses you.
The gnoll barely misses you.
You hit the gnoll.
The gnoll is heavily wounded.
The gnoll misses you. The gnoll hits you with a +0 whip.
You hit the gnoll but do no damage.
The gnoll is heavily wounded.
A frilled lizard comes into view.
The gnoll closely misses you. The gnoll hits you with a +0 whip!
You closely miss the gnoll.
The gnoll is heavily wounded.
The gnoll misses you. The gnoll barely misses you.
You completely miss the gnoll.
The gnoll is heavily wounded.
The gnoll hits you from afar with a +0 spear.
The gnoll hits you with a +0 whip.
* * * LOW HITPOINT WARNING * * *
You closely miss the gnoll.
The gnoll is heavily wounded.
The gnoll hits you from afar with a +0 spear.
You die...

### . ...#
.#
....####.##
#.>@ggg...
#####ll## .
#..### .##
#..†.###.l#
####.......
# ##l.....
..##.......
......<.<..
.........).


You could see 3 gnolls and 2 frilled lizards.

Vanquished Creatures
  2 dart slugs (D:1)
  5 endoplasms (D:1)
  2 goblins (D:1)
  6 hobgoblins
  8 jackals
  2 quokkas (D:1)
  3 bats (D:1)
  A frilled lizard (D:1)
  3 kobolds (D:1)
  3 rats (D:1)
35 creatures vanquished.

Vanquished Creatures (others)
  2 endoplasms (D:2)
  A giant cockroach (D:2)
  A bat (D:2)
  A rat (D:2)
  A demonic plant (D:1)
6 creatures vanquished.

Grand Total: 41 creatures vanquished

Notes
Turn   | Place    | Note
-------+----------+-------------------------------------------
     0 | D:1      | Arcadio the Kobold Hunter began the quest for the Orb.
     0 | D:1      | Reached XP level 1. HP: 12/12 MP: 1/1
    63 | D:1      | Reached XP level 2. HP: 2/18 MP: 2/2
   864 | D:1      | Reached XP level 3. HP: 22/22 MP: 3/3
  1388 | D:1      | Found a faded altar of an unknown god.
  1394 | D:1      | Prayed at the altar of an unknown god.
  1394 | D:1      | Became a worshipper of Jiyva Jakob the Shapeless
  1394 | D:1      | Reached * piety under Jiyva
  1598 | D:2      | Slain by a gnoll

Illustrated notes

Levels and vault maps discovered:
D:1:      scummos_arrival_star, layout_loops_cross,
          dreamdust_ecumenical_altar_sealed_demon,
          chequers_serial_rivers_large_b
D:2:      layout_rooms, uniq_natasha

Skill      XL: |  1  2  3 |
---------------+----------+-----
Stealth        | 2 3 |  3.1
Fighting       | 3 |  3.0
Bows           | |  4.4
Dodging        | |  2.4

Action                   || total
-------------------------++-------
Melee: Short sword       ||   153
       Punch             ||     3
 Fire: Shortbow          ||     2
 Stab: Sleeping          ||    12
Armor: Leather armour    ||    37
Dodge: Dodged            ||   132
